 Dungeon Crawl Stone Soup version 0.31-a0-188-g5e087ee2ca (webtiles) character file.

Game seed: 9892213473647474203

40 qw the Shooter (level 3, -2/20 HPs)
             Began as a Deep Elf Hunter on June 23, 2023.
             Slain by a gnoll
             ... wielding a +0 spear
              (4 damage)
             ... on level 2 of the Dungeon.
             The game lasted 00:00:19 (1066 turns).

qw the Shooter (Deep Elf Hunter)                    Turns: 1066, Time: 00:00:19

Health: -2/20      AC:  6    Str: 10    XL:     3   Next: 30%
Magic:  5/5        EV:  9    Int: 13    God:
Gold:   67         SH:  0    Dex: 18    Spells: 2/2 levels left

rFire   . . .        Y - +0 shortbow
rCold   . . .        (shield currently unavailable)
rNeg    . . .        g - +0 scale mail
rPois   .            (no helmet)
rElec   .            (no cloak)
rCorr   .            (no gloves)
SInv    .            (no boots)
Will    .....        (no amulet)
Stlth   +            (no ring)
HPRegen 0.23/turn    (no ring)
MPRegen 0.09/turn

%: no passive effects
@: no status effects
A: no striking features
a: no special abilities


You were on level 2 of the Dungeon.
You visited 1 branch of the dungeon, and saw 2 of its levels.

You collected 67 gold pieces.


   Skills:
 - Level 1.5 Fighting
 + Level 6.9 Ranged Weapons
 - Level 2.4 Dodging
 - Level 1.2 Stealth


You had 2 spell levels left.
You didn't know any spells.
Your spell library was empty.

Inventory:

Hand Weapons
 Y - a +0 shortbow (weapon)
Armour
 g - a +0 scale mail (worn)
Scrolls
 b - a scroll of noise {unknown}
 e - a scroll of identify
Potions
 a - a potion of degeneration {unknown}
 c - a potion of brilliance {unknown}

Dungeon Overview and Level Annotations

Branches:
Dungeon (2/15)

Altars:


Message History

Found 6 stones.
Enter note:
Enter note:
Enter note:
Enter note:
Found a scroll of immolation.
Enter note:
Enter note:
Enter note:
Enter note: You open the door.
You open the door.
A gnoll comes into view. It is wielding a +0 whip.
The gnoll shouts!
A gnoll comes into view. It is wielding a +0 spear.
Found 12 gold pieces.
Enter note:
Enter note:
Enter note:
Enter note: You shoot an arrow.
The gnoll shouts!
The arrow hits the gnoll.
The gnoll is moderately wounded.
You shoot an arrow. The arrow hits the gnoll.
The gnoll is severely wounded.
The gnoll barely misses you.
The gnoll hits you from afar with a +0 spear.
The gnoll hits you but does no damage. The gnoll hits you with a +0 whip.
You shoot an arrow. The arrow barely misses the gnoll.
The gnoll hits you with a +0 whip.
The gnoll hits you from afar with a +0 spear.
You shoot an arrow. The arrow hits the gnoll.
You kill the gnoll!
The gnoll hits you from afar with a +0 spear.
The gnoll barely misses you.
You shoot an arrow. The arrow hits the gnoll!
The gnoll is severely wounded.
The gnoll hits you from afar with a +0 spear.
You die...

..7 7.7.77¤7......# 7.P777
7.7.7....##.#.#
7.PPP..77.7..7...#..#.# ..
P.7P...P7.77.##.##.# .P.
7..77...7.7..#....# #.#
7..7.7.7.###7.P.7.#..# #.#
7.....##.##7.##.#.)#####.#
7....7..#+.$g)#P.#.#......#.#
7.. 7P.7## ##@7.#.#......#.#
77¤7777.7.# #PP..7.#......#.#
7.¤¤PP.77.7777.P.7'#...####.###
#P77¤¤##....7 77##..............
?.....####.######.....#####.###
.###........#....#..............
(#.####.#....#..............
#.#....##..#..###.....
#.#....##..##.# #.#...


You could see a gnoll.

Vanquished Creatures
  A gnoll (D:2)
  An adder (D:2)
  A ball python (D:1)
  3 endoplasms (D:1)
  A giant cockroach (D:1)
  2 goblins (D:1)
  A hobgoblin (D:1)
  A quokka (D:2)
  2 bats (D:1)
  6 kobolds
  A rat (D:1)
20 creatures vanquished.

Notes
Turn   | Place    | Note
-------+----------+-------------------------------------------
     0 | D:1      | qw the Deep Elf Hunter began the quest for the Orb.
     0 | D:1      | Reached XP level 1. HP: 12/12 MP: 3/3
     0 | D:1      | 0 ||| qw: Version: 0.3-a-9-g12657ce
     0 | D:1      | 0 ||| qw: Game counter: 3259
     0 | D:1      | 0 ||| qw: Always use a shield: true
     0 | D:1      | 0 ||| qw: God list: Okawaru
     0 | D:1      | 0 ||| qw: Allow faded altars: false
     0 | D:1      | 0 ||| qw: Do Orc after D:15 true
     0 | D:1      | 0 ||| qw: Do second Lair branch before Depths: true
     0 | D:1      | 0 ||| qw: Lair rune preference: random
     0 | D:1      | 0 ||| qw: Plans: Normal
     0 | D:1      | 0 ||| PLANNING D:1-11
   261 | D:1      | Reached XP level 2. HP: 16/16 MP: 4/4
   266 | D:1      | Reached skill level 6 in Ranged Weapons
   628 | D:1      | 628 ||| UPGRADING to +0 scale mail.
   638 | D:1      | 638 ||| DROPPING +0 leather armour.
   639 | D:1      | 639 ||| DROPPING amulet of magic regeneration.
   640 | D:1      | 640 ||| READING scroll labelled VOYCEN RAGGU.
   741 | D:1      | 741 ||| READING 3 scrolls labelled WANIHAIRIR.
   742 | D:1      | 742 ||| READING scroll labelled SOJONO AKLYLYGG.
   743 | D:1      | 743 ||| READING scroll labelled JUCADAPH LURPH.
   744 | D:1      | 744 ||| READING scroll labelled GECUUFOESA.
   745 | D:1      | 745 ||| READING 2 scrolls of identify.
   745 | D:1      | 745 ||| IDENTIFYING bubbling silvery potion
   746 | D:1      | 746 ||| DROPPING scroll of butterflies.
   747 | D:1      | 747 ||| DROPPING potion of attraction.
   847 | D:2      | Reached XP level 3. HP: 8/20 MP: 5/5
  1065 | D:2      | HP: 1/20 [gnoll/+0 spear (5)]
  1066 | D:2      | Slain by a gnoll

Levels and vault maps discovered:
D:1:      dpeg_arrival_shelter, layout_basic, hangedman_decor_points,
          minivault_4
D:2:      wad_woods_tower, layout_basic, minmay_misc_feat_square

Skill      XL: |  1  2 |
---------------+-------+-----
Ranged Weapons | 6 |  6.9
Fighting       | |  1.5
Dodging        | |  2.4
Stealth        | |  1.2

Action                     || total
---------------------------++-------
   Fire: Shortbow          ||    58
    Use: Scroll            ||     6
 Armour: Scale mail        ||    12
         Leather armour    ||     2
  Dodge: Dodged            ||    11

Table legend:
 A = Non-vault XP
 B = Vault XP
 C = Vault XP percentage of total XP
 D = Non-vault monster count
 E = Vault monster count
 F = Vault count percentage of total count
                 A         B        C        D         E       F
            +---------+---------+-------+---------+---------+-------
      Total |      42 |      16 |  27.6 |      18 |       2 |  10.0
            +---------+---------+-------+---------+---------+-------
        D:1 |      27 |       0 |   0.0 |      16 |       0 |   0.0
        D:2 |      15 |      16 |  51.6 |       2 |       2 |  50.0
            +---------+---------+-------+---------+---------+-------
